 Dungeon Crawl Stone Soup version 0.21.0-37-g46506fa (webtiles) character file.

88 nikopol the Magician (level 4, -2/24 HPs)
             Began as a Deep Elf Fire Elementalist on Feb 1, 2018.
             Slain by an orc wizard
             ... wielding a +0 dagger
              (3 damage)
             ... on level 3 of the Dungeon.
             The game lasted 00:07:54 (2028 turns).

nikopol the Magician (Deep Elf Fire Elementalist)   Turns: 2028, Time: 00:07:54

Health: -2/24      AC:  2    Str:  5    XL:     4   Next: 30%
Magic:  16/21      EV: 13    Int: 21    God:
Gold:   142        SH:  0    Dex: 15    Spells: 3/11 levels left

rFire    . . .     SeeInvis .   e - +0 dagger
rCold    . . .     Gourm    .   (no shield)
rNeg     . . .     Faith    .   a - +0 robe
rPois    .         Spirit   .   (no helmet)
rElec    .         Reflect  .   (no cloak)
rCorr    .         Harm     .   (no gloves)
MR       .....                  (no boots)
Stlth    +++.......             (no amulet)
HPRegen  0.08/turn              i - ring of stealth
MPRegen  0.17/turn              l - ring of magical power

@: no status effects
A: no striking features
a: no special abilities


You were on level 3 of the Dungeon.
You were very hungry.

You visited 1 branch of the dungeon, and saw 3 of its levels.

You collected 142 gold pieces.

Inventory:

Hand Weapons
 e - a +0 dagger (weapon)
Armour
 a - a +0 robe (worn)
Jewellery
 i - a ring of stealth (left hand)
 l - a ring of magical power (right hand)
Scrolls
 f - 3 scrolls of remove curse
 j - 2 scrolls of fog {unknown}
 k - 2 scrolls of noise {unknown}
 m - a scroll of amnesia {unknown}
 q - a scroll of enchant armour {unknown}
Potions
 d - a potion of heal wounds
 n - a potion of haste
 r - a potion of curing
Books
 b - a book of Flames

   Spells                             Type                      Level
   a - Flame Tongue                   Conjuration/Fire             1
   b - Throw Flame                    Conjuration/Fire             2
   c - Conjure Flame                  Conjuration/Fire             3
   d - Inner Flame                    Hexes/Fire                   3
   e - Sticky Flame                   Conjuration/Fire             4
   f - Fireball                       Conjuration/Fire             5
 o - a book of Spatial Translocations

   Spells                             Type                      Level
   a - Blink                          Translocation                2
   b - Shroud of Golubria             Charms/Translocation         2
   c - Lesser Beckoning               Translocation                3
   d - Gell's Gravitas                Translocation                3
   e - Teleport Other                 Translocation                3
   f - Passage of Golubria            Translocation                4
Comestibles
 c - 6 rations
 s - a chunk of flesh


   Skills:
 + Level 0.1 Fighting
 + Level 2.9 Dodging
 + Level 3.0 Stealth
 + Level 4.2 Spellcasting
 + Level 2.0 Conjurations
 + Level 4.2 Fire Magic


You had 3 spell levels left.
You knew the following spells:

 Your Spells              Type           Power        Failure   Level  Hunger
a - Flame Tongue          Conj/Fire      ###..        3%          1    None
b - Throw Flame           Conj/Fire      ###...       4%          2    #......
c - Conjure Flame         Conj/Fire      ###.....     10%         3    ###....
e - Blink                 Tloc           N/A          19%         2    #......


Dungeon Overview and Level Annotations

Branches:
Dungeon (3/15)

Altars:


Message History

r - a potion of curing Your surroundings suddenly seem different.
The orc wizard points at you and mumbles some strange words.
The magic dart hits you!
The orc priest shouts!
An orc comes into view. It is wielding a club.
Okay, then.
The ogre shouts!
The orc shouts!
The orc misses you. The orc priest hits you. The orc misses you.
The orc priest hits you. The orc hits you but does no damage.
The orc priest mumbles some strange prayers to Beogh against you.
Beogh smites you!
Ouch! That really hurt!
* * * LOW HITPOINT WARNING * * *
The orc wizard hits you with a dagger.
* * * LOW HITPOINT WARNING * * *
The orc hits you but does no damage. The orc wizard hits you with a dagger.
You die...

### ##<#########
#......Oo..#
#.......oo@#
#.......o..#
...............#
###..............
#............#.#
.....####+#...# #
...... #...#
...... #####


You could see an ogre, an orc priest, an orc wizard and 2 orcs.

Vanquished Creatures
  2 gnolls (D:3)
  An adder (D:2)
  3 worms (D:2)
  A leopard gecko (D:2)
  3 giant cockroaches
  9 goblins
  4 hobgoblins
  2 quokkas
  4 ball pythons
  8 bats
  5 frilled lizards
  6 kobolds
  7 rats
55 creatures vanquished.

Notes
Turn   | Place    | Note
-------+----------+-------------------------------------------
     0 | D:1      | nikopol the Deep Elf Fire Elementalist began the quest for the Orb.
     0 | D:1      | Reached XP level 1. HP: 10/10 MP: 6/6
   195 | D:1      | Reached XP level 2. HP: 15/15 MP: 4/8
   907 | D:2      | Reached XP level 3. HP: 19/19 MP: 6/10
  1638 | D:2      | Learned a level 2 spell: Blink
  1641 | D:2      | Learned a level 2 spell: Throw Flame
  1645 | D:2      | Learned a level 3 spell: Conjure Flame
  1740 | D:2      | Found a faded altar of an unknown god.
  1867 | D:3      | Noticed an ogre
  1968 | D:3      | Reached XP level 4. HP: 24/24 MP: 12/12
  2027 | D:3      | HP: 1/24 [orc wizard/dagger (2)]
  2028 | D:3      | Slain by an orc wizard

Skill      XL: |  1  2  3 |
---------------+----------+-----
Fire Magic     | 4 |  4.2
Stealth        | 3 |  3.0
Spellcasting   | 4 |  4.2
Conjurations   | 2 |  2.0
Fighting       | |  0.1
Dodging        | |  2.9

Action                   |  1- 3 |  4- 6 || total
-------------------------+-------+-------++-------
Melee: Dagger            |     1 |       ||     1
 Cast: Flame Tongue      |    86 |     4 ||    90
       Throw Flame       |     2 |     3 ||     5
  Use: Scroll            |       |     5 ||     5
  Eat: Chunk             |     2 |       ||     2
Armor: Robe              |     6 |     1 ||     7
Dodge: Dodged            |    21 |     4 ||    25
